 Dungeon Crawl Stone Soup version 0.31-a0-716-gc7603755dd (webtiles) character file.

Game seed: 7034815386114563267

653197 Bnni the Phalangite (level 27, -4/213 HPs)
             Began as a Formicid Fighter on Sept 10, 2023.
             Was an Initiate of Yredelemnul.
             Slain by an Orb Guardian (29 damage)
             ... on level 5 of the Realm of Zot on Sept 11, 2023.
             The game lasted 04:28:43 (70493 turns).

Bnni the Phalangite (Formicid Fighter)             Turns: 70493, Time: 04:28:44

Health: -4/213     AC: 31    Str: 32      XL:     27
Magic:  31/31      EV: 17    Int:  4 (7)  God:    Yredelemnul [......]
Gold:   5065       SH: 22    Dex: 19      Spells: 10/43 levels left

rFire   + + +        y - +9 bardiche (freeze)
rCold   + + +        r - +0 tower shield
rNeg    . . .        j - +4 plate armour {rC+}
rPois   +            (helmet unavailable)
rElec   .            X - +1 cloak of Quantum Leap {Regen+}
rCorr   +            B - +3 pair of gauntlets of War {Slay+5}
SInv    +            W - +2 pair of boots "Piakusm" {Regen+ rCorr}
Will    +++..        F - amulet "Juckipa" {Faith Fly rF+ rC+ Dex+2} Stlth
                     z - ring of Xutwe {Wiz rF+ rC++}
HPRegen 2.15/turn    J - ring of poison resistance
MPRegen 0.22/turn

%: clarity, faith, wizardry (x1)
@: mighty, silenced, flying, studying 2 skills
A: permanent stasis, dig shafts and tunnels, antennae 3, four strong arms,
hooves 1, iridescent scales 1, clarity, deformed body, deterioration 1, fire
resistance 1, frail 1, low MP 2, strong-willed 1, screaming 1, inability to
drink after injury 1, inability to read after injury 1
}: 4/15 runes: decaying, slimy, silver, gossamer
a: Dig, Shaft Self, Renounce Religion


You were on level 5 of the Realm of Zot.
You worshipped Yredelemnul.
Yredelemnul was greatly pleased with you.
You visited 12 branches of the dungeon, and saw 56 of its levels.
You visited 1 bazaar.
You also visited: Ice Cave.

You collected 9002 gold pieces.
You spent 3937 gold pieces at shops.

Inventory:

Hand Weapons
 y - a +9 bardiche of freezing (weapon)
 Y - a +6 heavy bardiche
Missiles
 p - 12 javelins
 w - 42 boomerangs (quivered)
 I - 7 curare-tipped darts
Armour
 e - the +0 plate armour of the Shining Light {rN+++ Str-4 Dex+2}
   (You found it on level 3 of the Crypt)

   Str-4:     It affects your strength (-4).
   Dex+2:     It affects your dexterity (+2).
   rN+++:     It renders you almost immune to negative energy.
 h - the +4 dragonskin cloak
   (You took it off Tiamat on level 5 of the Realm of Zot)

   Avatar's Aegis: It grants the wearer a chance to resist fire, cold, poison,
   electricity, acid, and negative energy.
 j - a +4 plate armour of cold resistance (worn)
 o - the +2 shield of Resistance {rF++ rC++ Will++}
   (You bought it in a shop on level 2 of the Orcish Mines)

   rF++:      It greatly protects you from fire.
   rC++:      It greatly protects you from cold.
   Will++:    It greatly increases your willpower.
 r - a +0 tower shield (worn)
 B - the +3 pair of gauntlets of War (worn) {Slay+5}
   (You acquired it on level 3 of the Crypt)

   Slay+5:    It affects your accuracy & damage with ranged weapons and melee
   (+5).
 K - the +1 kite shield of Adeagetiu {rElec rC++ Will++}
   (You acquired it on level 5 of the Realm of Zot)

   rC++:      It greatly protects you from cold.
   rElec:     It insulates you from electricity.
   Will++:    It greatly increases your willpower.
 W - the +2 pair of boots "Piakusm" (worn) {Regen+ rCorr}
   (You found it in an ice cave)

   Regen+:    It increases your rate of health regeneration.
   rCorr:     It protects you from acid and corrosion.
 X - the +1 cloak of Quantum Leap (worn) {Regen+}
   (You bought it in a shop in a bazaar)

   Regen+:    It increases your rate of health regeneration.
 Z - a +1 plate armour of poison resistance
Jewellery
 b - the ring of the Spinneret {rN+ rCorr Str+3 Int+6 Dex+3}
   (You took it off a white draconian on level 2 of the Realm of Zot)

   [ring of intelligence]

   Str+3:     It affects your strength (+3).
   Int+6:     It affects your intelligence (+6).
   Dex+3:     It affects your dexterity (+3).
   rN+:       It protects you from negative energy.
   rCorr:     It protects you from acid and corrosion.
 q - the ring "Acoupt" {Will+ EV+5}
   (You found it on level 5 of the Pits of Slime)

   [ring of evasion]

   EV+5:      It affects your evasion (+5).
   Will+:     It increases your willpower.
 z - the ring of Xutwe (left hand) {Wiz rF+ rC++}
   (You found it on level 6 of the Dungeon)

   [ring of wizardry]

   Wiz:       It improves your spell success rate.
   rF+:       It protects you from fire.
   rC++:      It greatly protects you from cold.
 F - the amulet "Juckipa" (around neck) {Faith Fly rF+ rC+ Dex+2}
   (You acquired it on level 2 of the Orcish Mines)

   [amulet of faith]

   Faith:     It allows you to gain divine favour quickly.
   Dex+2:     It affects your dexterity (+2).
   rF+:       It protects you from fire.
   rC+:       It protects you from cold.
   Fly:       It grants you flight.
 J - a ring of poison resistance (right hand)
 S - the ring of Interdependent Arising {rN+ Will+ Dex+4}
   (You took it off a deep elf blademaster on level 3 of the Elven Halls)

   [ring of positive energy]

   Dex+4:     It affects your dexterity (+4).
   rN+:       It protects you from negative energy.
   Will+:     It increases your willpower.
 V - the amulet of Sissor {-Tele Will+ Regen+ MP+9 Int+3}
   (You found it on level 5 of the Lair of Beasts)

   [amulet of regeneration]

   Int+3:     It affects your intelligence (+3).
   Will+:     It increases your willpower.
   MP+9:      It affects your magic capacity (+9).
   -Tele:     It prevents most forms of teleportation.
   Regen+:    It increases your rate of health regeneration.
Wands
 a - a wand of digging (59)
 n - a wand of quicksilver (42)
 T - a wand of roots (46)
Scrolls
 c - 6 scrolls of silence
 f - 8 scrolls of fog
 m - 9 scrolls of fear
 u - 11 scrolls of amnesia
 v - 14 scrolls of enchant armour
 A - 14 scrolls of revelation
 H - a scroll of brand weapon
 L - 6 scrolls of poison
 M - 7 scrolls of immolation
Potions
 d - 2 potions of might
 g - 5 potions of enlightenment
 i - 7 potions of cancellation
 k - 2 potions of ambrosia
 s - 2 potions of mutation
 t - 7 potions of attraction
 x - 12 potions of curing
 C - 3 potions of magic
 G - 5 potions of invisibility
 P - a potion of resistance
Miscellaneous
 l - a phantom mirror (inert)
 D - a phial of floods
 E - a lightning rod (4/4)


   Skills:
 + Level 23.6 Fighting
 - Level 24.0 Polearms
 - Level 16.0 Throwing
 - Level 20.0 Armour
 + Level 16.1 Dodging
 * Level 19.0 Shields
 + Level 8.5 Spellcasting
 + Level 3.7 Hexes
 + Level 3.4 Summonings
 * Level 6.1 Necromancy
 * Level 7.9 Translocations
 + Level 3.3 Transmutations
 * Level 6.6 Earth Magic
 + Level 23.7 Invocations


You had 10 spell levels left.
You knew the following spells:

 Your Spells              Type           Power      Damage    Failure   Level
a - Lesser Beckoning      Tloc           16%        N/A       3%          2
b - Passage of Golubria   Tloc           8%         N/A       22%         4
c - Dimensional Bullseye  Hex/Tloc       3%         N/A       45%         4
e - Manifold Assault      Tloc           8%         N/A       22%         4
g - Animate Armour        Summ/Erth      10%        N/A       54%         4
h - Borgnjor's Vile Clut  Necr/Erth      3%         N/A       71%         5
j - Yara's Violent Unrav  Hex/Tmut       2%         3d3       97%         5
s - Sublimation of Blood  Necr           6%         N/A       7%          2
w - Wereblood             Tmut           4%         N/A       22%         2
z - Apportation           Tloc           16%        N/A       2%          1

Your spell library contained the following spells:

 Spells                   Type           Power      Damage    Failure   Level
 Gell's Gravitas          Tloc           8%         N/A       7%          3
 Teleport Other           Tloc           8%         N/A       7%          3
 Slow                     Hex            16%        N/A       12%         1
 Summon Small Mammal      Summ           16%        N/A       14%         1
 Vampiric Draining        Necr           6%         2d6       14%         3
 Momentum Strike          Conj/Tloc      8%         3d8       16%         2
 Jinxbite                 Hex            8%         N/A       19%         2
 Call Imp                 Summ           8%         N/A       21%         2
 Sting                    Tmut/Pois      12%        1d3       28%         1
 Volatile Blastmotes      Fire/Tloc      8%         2d10      32%         3
 Cigotuvi's Dreadful Rot  Necr/Pois/Air  6%         N/A       34%         2
 Confusing Touch          Hex            4%         N/A       34%         3
 Sigil of Binding         Hex            4%         N/A       34%         3
 Tukima's Dance           Hex            4%         N/A       34%         3
 Ensorcelled Hibernation  Hex/Ice        6%         N/A       36%         2
 Summon Guardian Golem    Hex/Summ       4%         N/A       36%         3
 Call Canine Familiar     Summ           4%         N/A       38%         3
 Stone Arrow              Conj/Erth      8%         3d7       38%         3
 Dispel Undead            Necr           6%         3d8       41%         4
 Foxfire                  Conj/Fire      4%         2x1d4     47%         1
 Magic Dart               Conj           4%         1d3       47%         1
 Shock                    Conj/Air       4%         1d3       47%         1
 Anguish                  Hex/Necr       2%         N/A       56%         4
 Petrify                  Tmut/Erth      5%         N/A       56%         4
 Dazzling Flash           Conj/Hex       6%         N/A       58%         3
 Poisonous Vapours        Pois/Air       2%         N/A       61%         2
 Lee's Rapid Deconstruct  Erth           3%         3d5*      67%         5
 Ignite Poison            Fire/Tmut/Pois 2%         N/A       69%         3
 Iskenderun's Mystic Bla  Conj/Tloc      4%         2d3       69%         4
 Agony                    Necr           6%         N/A       75%         5
 Summon Forest            Summ/Tloc      3%         N/A       80%         5
 Hailstorm                Conj/Ice       1%         3d3       83%         3
 Mephitic Cloud           Conj/Pois/Air  1%         N/A       83%         3
 Ozocubu's Armour         Ice            1%         N/A       83%         3
 Fulminant Prism          Conj/Hex       1%         3d5       92%         4
 Summon Ice Beast         Ice/Summ       3%         N/A       93%         4
 Summon Lightning Spire   Summ/Air       3%         N/A       93%         4
 Dispersal                Tloc           4%         N/A       96%         6
 Summon Mana Viper        Hex/Summ       4%         N/A       97%         5
 Airstrike                Air            0%         2d(1-17)  99%         4
 Olgreb's Toxic Radiance  Pois           1%         N/A       99%         4
 Sticky Flame             Conj/Fire      1%         2d3       99%         4
 Silence                  Hex/Air        1%         N/A       99%         5
 Alistair's Intoxication  Tmut/Pois      2%         N/A       100%        5
 Arcjolt                  Conj/Air       0%         1d10      100%        5
 Fireball                 Conj/Fire      0%         3d3       100%        5
 Freezing Cloud           Conj/Ice/Air   0%         6-21      100%        5
 Irradiate                Conj/Tmut      1%         3d12      100%        5
 Iskenderun's Battlesphe  Conj           1%         2d6       100%        5
 Conjure Ball Lightning   Conj/Air       0%         3x3d6     100%        6
 Eringya's Noxious Bog    Tmut/Pois      1%         4d6       100%        6
 Plasma Beam              Fire/Air       0%         2x1d10    100%        6
 Starburst                Conj/Fire      0%         6d3       100%        6
 Summon Cactus Giant      Summ           2%         N/A       100%        6
 Haunt                    Necr/Summ      2%         N/A       100%        7
 Malign Gateway           Summ/Tloc      3%         N/A       100%        7
 Monstrous Menagerie      Summ           2%         N/A       100%        7
 Orb of Destruction       Conj           0%         9d5       100%        7
 Ozocubu's Refrigeration  Ice            0%         4d7       100%        7
 Spellforged Servitor     Conj/Summ      1%         N/A       100%        7
 Summon Hydra             Summ           2%         N/A       100%        7
 Borgnjor's Revivificati  Necr           3%         N/A       100%        8
 Discord                  Hex            2%         N/A       100%        8
 Ignition                 Fire           0%         3d3       100%        8
 Lehudib's Crystal Spear  Conj/Erth      2%         10d2      100%        8
 Maxwell's Capacitive Co  Air            0%         ∞         100%        8
 Death's Door             Necr           3%         N/A       100%        9
 Dragon's Call            Summ           2%         N/A       100%        9
 Polar Vortex             Ice            0%         N/A       100%        9
 Blink                    Tloc           Unusable   N/A       N/A         2
 Vhi's Electric Charge    Tloc/Air       Unusable   N/A       N/A         4
 Swiftness                Air            Unusable   N/A       N/A         3
 Death Channel            Necr           Unusable   N/A       N/A         6
 Simulacrum               Ice/Necr       Unusable   N/A       N/A         6

Dungeon Overview and Level Annotations

Branches:
Dungeon (15/15)            Temple (1/1) D:7            Lair (5/5) D:10
  Swamp (4/4) Lair:3       Spider (4/4) Lair:2        Slime (5/5) Lair:4
    Orc (2/2) D:12            Elf (3/3) Orc:2        Vaults (5/5) D:14
  Crypt (3/3) Vaults:2       Tomb (0/3) Crypt:3      Depths (4/4) D:15
    Zot (5/5) Depths:4      IceCv (visited)

Altars:
Ashenzari
Cheibriados
Dithmenos
Elyvilon
Fedhas
Gozag
Hepliaklqana
Kikubaaqudgha
Makhleb
Nemelex Xobeh
Okawaru
Qazlal
Ru
Sif Muna
Trog
Uskayaw
Vehumet
Wu Jian
Xom
Yredelemnul
Zin
The Shining One
Jiyva

Shops:
D:2 ?!   D:4 :   D:6 [!?!(   D:7 ?   D:15 *   Orc:2 ?*[[   Elf:1 =   Elf:3 *
Depths:1 *

Portals:
Hell: Depths:1 Depths:2 Depths:3 Depths:4
Abyss: Depths:1 Depths:3
Pandemonium: Depths:1 Depths:2
Ziggurat: Depths:4
Trove: Vaults:1 (give 18 potions of curing)

Annotations:
Elf:2 3 runed translucent doors
Zot:5 1 exclusion


Innate Abilities, Weirdness & Mutations

You cannot be hasted, slowed, berserked, paralysed or teleported.
You can dig through walls and to a lower floor.
You have a pair of large antennae on your head. (SInv)
Your four strong arms can wield two-handed weapons with a shield.
You have large cloven feet.
You are partially covered in iridescent scales. (AC +2)
You possess an exceptional clarity of mind.
Armour fits poorly on your strangely shaped body.
Your body sometimes deteriorates upon taking damage.
Your flesh is heat resistant. (rF+)
You are frail. (-10% HP)
Your magical capacity is very low. (-20% MP)
You are strong-willed. (Will+)
You occasionally shout uncontrollably at your foes.
You occasionally lose the ability to drink potions when taking damage.
You occasionally lose the ability to read scrolls when taking damage.


Message History

The Orb Guardian blinks!
The orb of fire blinks!
The Orb Guardian blinks! x4
The Brimstone Fiend blinks! x2; The Orb Guardian blinks! x2
The orb of fire blinks!
The reaper blinks!
The dread lich blinks!
The Orb Guardian blinks!
You feel a strange sense of stasis.
The Orb Guardian blinks!
The dread lich enters a dispersal trap!
The orb of fire blinks!
The reaper blinks!
The Killer Klown blinks!
The Orb Guardian blinks! x6; The Killer Klown blinks!
You feel a strange sense of stasis.
The dread lich blinks!
The Orb Guardian hits you.
* * * LOW HITPOINT WARNING * * *
The Ice Fiend roars!
You block the Orb Guardian's attack.
The Orb Guardian attacks as it pursues you!
You block the Orb Guardian's attack.
Unknown command.
Okay, then.
Okay, then.
You feel better.
You hear a loud "Zot"!
You block the Orb Guardian's attack.
The Ice Fiend claws you but does no damage.
You block the Ice Fiend's attack. You block the dread lich's attack.
The Orb Guardian hits you but does no damage.
Unknown command.
You slice the Orb Guardian!! You freeze the Orb Guardian.
The Orb Guardian is moderately wounded.
You hear a loud "Zot"!
You block the Ice Fiend's attack. The Ice Fiend claws you.
* * * LOW HITPOINT WARNING * * *
The Ice Fiend freezes you. You resist.
* * * LOW HITPOINT WARNING * * *
You block the Orb Guardian's attack. x2
The Killer Klown squeezes you with a +12 club.
* * * LOW HITPOINT WARNING * * *
The dread lich touches you but does no damage.
Your passage of Golubria closes with a snap!
As you read the scroll of silence, it crumbles to dust.
A profound silence engulfs you. The Orb Guardian hits you!!
You die...
Your body rises from the dead as a mindless zombie.

P.##.##.......##.# #.#
..##.##.......##.#
##'###
####.######+####.###
#..ZZ. ####.#
#..).)))..# #.~~~~
..##.#####.)####.#.#
#.~##Z
#.............##)#.#
#.~##~
###.##.######.##X..#
#.~~~~ ##▓▓▓▓
#######1######## ▓▓####
....^.X@XX..[..# ##...
#....X*Lp.....# ##..).
#.....X*......# ##.....
##....^XX...§## #......
#.......§§§§# #......
#........§§X## #......
#.........§§§.# #......
#........§§§.X##
#.{{...
...§§...§.....###{{.{X.


You could see 2 orbs of fire, a Killer Klown (unsilenced), a dread lich, an Ice
Fiend (summoned, unsilenced) and 10 Orb Guardians.

Vanquished Creatures
  Tiamat (Zot:5)
  2 dread liches
  Khufu (Crypt:1)
  Mennas (Vaults:4)
  3 orbs of fire (Zot:5)
  4 ancient liches
  2 juggernauts
  The ghost of Beshis the Formicid Barricade, a legendary FoHu of Ru (Zot:2)
  3 royal mummies (Crypt:1)
  4 Killer Klowns
  A curse toe (Zot:5)
  Bai Suzhen (Vaults:4)
  2 caustic shrikes (Depths:4)
  8 golden dragons
  A profane servitor (Crypt:3)
  A bone dragon (Crypt:3)
  2 electric golems
  A shard shrike skeleton (Crypt:1)
  16 tentacled monstrosities
  9 Orb Guardians (Zot:5)
  5 liches
  A walking earthen tome (Depths:4)
  A walking crystal tome (Depths:4)
  6 quicksilver dragons
  5 titans
  A deep elf master archer (Elf:3)
  A deep elf blademaster (Elf:3)
  A walking frostbound tome (Depths:2)
  5 ancient champions
  7 death cobs
  5 sphinxes
  11 acid blobs
  Gastronok (Orc:1)
  6 tengu reavers
  5 shadow dragons
  5 draconian monks
  Roxanne (Elf:2)
  Donald (Elf:3)
  A revenant (Vaults:2)
  8 storm dragons
  4 rockslimes
  4 emperor scorpions
  9 fire giants
  A fenstrider witch (Swamp:1)
  6 azure jellies (Slime:5)
  8 frost giants
  2 deep elf sorcerers
  7 draconian knights
  10 vault wardens
  4 ghost moths
  2 deep elf elementalists (Elf:3)
  3 draconian stormcallers
  A balrug (Depths:1)
  An orc warlord (Vaults:4)
  3 curse skulls
  9 draconian scorchers
  3 spriggan defenders
  6 ghouls
  5 draconian shifters
  A broodmother (Spider:4)
  5 formless jellyfish
  16 very ugly things
  8 quicksilver oozes
  4 draconian annihilators
  8 ironbound preservers
  A reaper (Crypt:2)
  4 deep elf demonologists
  2 eleionomae
  8 black draconians
  19 stone giants
  8 ironbound thunderhulks
  A juggernaut skeleton (Crypt:3)
  8 vampire knights
  7 green draconians
  5 purple draconians
  6 white draconians
  10 red draconians
  A bunyip (Swamp:3)
  4 dire elephants
  4 spark wasps
  2 deep elf annihilators (Elf:3)
  11 yellow draconians
  13 ettins
  4 deep elf death magi
  An eidolon (Crypt:2)
  6 fire dragons
  9 yaktaur captains
  10 jiangshi (Crypt:3)
  12 great orbs of eyes
  7 entropy weavers
  18 vault guards
  3 deep elf high priests
  A quicksilver dragon skeleton (Crypt:1)
  8 hydras
  A spriggan zombie (Crypt:2)
  3 ogre magi
  A shambling mangrove (Swamp:4)
  2 catoblepae
  A jorogumo (Spider:4)
  3 spriggan air magi
  6 ghost crabs
  10 ice dragons
  3 death knights (Crypt:3)
  9 two-headed ogres
  2 radroaches
  9 boulder beetles
  16 dancing weapons
  An anaconda (shapeshifter) (Depths:4)
  12 ironbound frosthearts
  10 centaur warriors
  4 deep troll shamans
  3 alligators
  6 demonic crawlers
  3 tengu warriors
  A death yak (Lair:1)
  A sphinx skeleton (D:15)
  4 deep troll earth magi
  6 spriggan berserkers
  A soul eater (Crypt:2)
  A storm dragon zombie (Zot:5)
  11 deep elf knights
  2 hell knights
  6 vampire magi
  A titan skeleton (Crypt:2)
  A sixfirhy (Depths:2)
  4 iron trolls
  A spectral black draconian (Zot:5)
  A goliath frog (Swamp:3)
  A death drake (shapeshifter) (Depths:2)
  19 skeletal warriors
  3 pharaoh ants
  2 shadow wraiths (Crypt:3)
  24 deep trolls
  A skyshark (Lair:5)
  A spectral anaconda (Lair:5)
  2 spriggan riders (Depths:1)
  3 flayed ghosts
  6 bog bodies
  A glowing orange brain (shapeshifter) (D:13)
  2 orb spiders
  6 glowing orange brains
  5 swamp dragons
  3 spriggan druids (Swamp:1)
  A bunyip skeleton (Crypt:2)
  4 phantasmal warriors
  A storm dragon skeleton (Crypt:2)
  8 lindwurms
  9 deep elf archers
  8 harpies
  17 deep elf zephyrmancers
  3 steelbarb worms
  22 deep elf pyromancers
  12 ironbound convokers
  5 wizards
  8 necromancers
  5 cyclopes
  A broodmother zombie (Crypt:2)
  5 orc knights
  3 orc sorcerers
  9 shining eyes
  35 ugly things
  12 wolf spiders
  3 manticores
  16 moths of wrath
  A shining eye (shapeshifter) (Vaults:4)
  A stone giant skeleton (Vaults:3)
  2 black mambas
  7 elephants
  A centaur zombie (D:15)
  2 naga magi (D:15)
  An eye of devastation (Slime:5)
  A shock serpent zombie (Crypt:1)
  2 rust devils (Depths:1)
  A smoke demon (Depths:2)
  8 torpor snails
  5 cane toads
  2 apocalypse crabs (Swamp:1)
  Maggie (D:9)
  5 vault sentinels
  A naga skeleton (Crypt:2)
  21 yaktaurs
  A cane toad (shapeshifter) (D:12)
  13 rime drakes
  8 unseen horrors
  2 freezing wraiths (Crypt:3)
  3 kobold demonologists
  3 komodo dragons
  An efreet (D:14)
  An ice devil (Depths:2)
  A spectral naga (Crypt:3)
  7 meliai
  A red devil (Depths:1)
  4 trolls
  A queen bee (Spider:4)
  A tengu simulacrum (Vaults:3)
  12 polar bears (IceCv)
  A bloated husk (Swamp:1)
  A harpy skeleton (Crypt:2)
  4 tyrant leeches
  4 hornets
  A raiju (shapeshifter) (Elf:3)
  15 tarantellas
  Prince Ribbit (D:9)
  A blink frog (shapeshifter) (Vaults:5)
  A meliai zombie (D:15)
  A fire dragon zombie (Crypt:2)
  5 blink frogs
  13 jumping spiders
  50 flying skulls
  19 culicivoras
  65 slime creatures
  3 spriggans
  6 water elementals
  A naga simulacrum (Crypt:2)
  2 air elementals (Elf:2)
  A wyvern (shapeshifter) (Vaults:5)
  8 wraiths
  2 shadows
  2 slime creature zombies (Slime:5)
  6 golden eyes
  4 wyverns
  21 yaks
  A basilisk (Lair:2)
  A fire elemental (Elf:1)
  26 redbacks
  Grum (Lair:1)
  A steam dragon (Lair:1)
  13 vampire mosquitoes
  A death yak simulacrum (Lair:5)
  3 swamp worms
  2 acid dragons (D:12)
  An acid dragon (shapeshifter) (D:13)
  3 wargs
  7 water moccasins
  A water nymph zombie (Crypt:2)
  3 floating eyes
  A water moccasin (shapeshifter) (D:14)
  A merfolk skeleton (Crypt:1)
  21 orc warriors
  4 black bears
  A cane toad skeleton (Crypt:2)
  4 ice beasts
  4 swamp drakes
  2 sky beasts
  6 wolves
  13 centaurs
  An elephant skeleton (Lair:5)
  5 ogres
  2 phantoms (D:4)
  3 kobold brigands
  6 bullfrogs
  5 necrophages
  A gnoll sergeant (D:12)
  3 earth elementals (Elf:2)
  5 scorpions
  4 wights (D:8)
  29 killer bees
  A vampire bat (Lair:4)
  2 howler monkeys (D:14)
  A troll skeleton (Crypt:2)
  5 electric eels
  2 wolf zombies (Lair:4)
  A hound (D:4)
  15 orc priests
  3 jellies
  4 sleepcaps
  2 iguanas
  16 orc wizards
  2 hell rats (Lair:2)
  A naga zombie (Crypt:1)
  An ogre skeleton (Crypt:1)
  6 adders
  9 gnolls
  2 howler monkey skeletons (Crypt:1)
  9 river rats (D:5)
  A shadow imp (D:7)
  4 white imps
  An ufetubus (D:6)
  6 worms
  66 orcs
  5 endoplasms
  2 giant cockroaches
  6 goblins
  3 hobgoblins
  5 jackals
  5 quokkas (D:5)
  11 ball pythons
  8 bats
  8 frilled lizards
  14 kobolds
  23 rats
  A spectral weapon (Vaults:3)
1671 creatures vanquished.

Vanquished Creatures (collateral kills)
  An ancient lich (Depths:4)
  An orb of fire (Zot:4)
  The ghost of SlowGraham the Acrobat, a legendary KoMo of Trog (Vaults:2)
  A shard shrike (IceCv)
  the Lernaean hydra (Swamp:4)
  2 Killer Klowns
  2 caustic shrikes (Depths:4)
  Nikola (Elf:3)
  5 golden dragons
  2 electric golems (Zot:2)
  Zenata (Vaults:2)
  2 Orb Guardians (Zot:5)
  8 tentacled monstrosities
  A walking frostbound tome (Depths:2)
  A quicksilver dragon (Vaults:5)
  A deep elf master archer (Elf:3)
  2 walking divine tomes (Depths:4)
  A deep elf blademaster (Elf:3)
  2 sphinxes
  2 ancient champions
  6 acid blobs
  2 titans
  3 death cobs
  3 azure jellies
  2 tengu reavers (Vaults:5)
  A revenant (Crypt:3)
  5 shadow dragons
  6 storm dragons
  A fenstrider witch (Swamp:1)
  2 rockslimes
  A draconian monk (Zot:2)
  The ghost of Zennem the Severer, a journeyman MiFi of Gozag (Orc:1)
  3 draconian knights
  2 deep elf sorcerers (Elf:3)
  An iron dragon (Depths:2)
  6 fire giants
  7 frost giants
  5 draconian scorchers
  2 ghost moths (Spider:4)
  8 vault wardens
  An emperor scorpion (Spider:4)
  5 draconian annihilators
  3 deep elf elementalists (Elf:3)
  7 draconian shifters
  An orc warlord (Vaults:3)
  2 spriggan defenders
  2 quicksilver oozes (Slime:5)
  2 reapers
  2 draconian stormcallers (Zot:2)
  A ghoul (Vaults:2)
  6 formless jellyfish
  3 ironbound preservers
  A vampire knight (Depths:1)
  A broodmother (Spider:2)
  3 very ugly things
  An ophan (Depths:1)
  6 stone giants
  An ironbound thunderhulk (Vaults:4)
  4 green draconians
  3 deep elf demonologists
  11 black draconians
  5 dire elephants
  3 purple draconians
  4 yellow draconians
  5 spark wasps
  11 white draconians
  5 deep elf annihilators
  7 red draconians
  The ghost of Xibe the Cleaver, a journeyman HOFi of Beogh (Orc:1)
  2 bunyips (Swamp:3)
  4 ettins
  A deep elf death mage (Elf:3)
  A jiangshi (Crypt:3)
  An entropy weaver (Spider:4)
  2 shambling mangroves
  2 fire dragons
  7 ice dragons
  A rakshasa (Depths:2)
  2 great orbs of eyes
  3 yaktaur captains
  A deep elf high priest (Elf:3)
  10 hydras
  An ogre mage (D:15)
  11 vault guards
  2 spriggan air magi
  A radroach (Spider:2)
  A catoblepas (Lair:1)
  3 alligators
  A centaur warrior (Vaults:2)
  4 ghost crabs
  The ghost of Kuwn the Slicer, a journeyman HuDe of Makhleb (Orc:1)
  3 ironbound frosthearts
  4 two-headed ogres
  A sphinx skeleton (D:15)
  A death knight (Crypt:2)
  5 deep troll shamans
  2 tengu warriors (Depths:4)
  A storm dragon zombie (D:15)
  2 spriggan berserkers (Depths:2)
  2 deep elf knights
  3 demonic crawlers
  A hell knight (Depths:2)
  2 sun moths
  3 iron trolls
  2 pharaoh ants (Spider:3)
  3 skysharks
  4 goliath frogs
  9 skeletal warriors (Crypt:3)
  A storm dragon skeleton (D:15)
  2 spriggan riders (Swamp:3)
  An orange crystal statue (IceCv)
  3 bog bodies
  2 spriggan druids
  3 orb spiders (Spider:4)
  10 swamp dragons
  2 wizards
  A glowing orange brain (Depths:4)
  2 flayed ghosts
  8 deep trolls
  6 harpies
  4 phantasmal warriors
  7 orc knights
  An obsidian statue (Lair:5)
  6 lindwurms
  3 deep elf pyromancers
  A steelbarb worm (Spider:1)
  A deep elf zephyrmancer (Elf:1)
  6 ironbound convokers
  4 necromancers
  A harpy (shapeshifter) (Depths:2)
  16 ugly things
  A wolf spider zombie (D:15)
  An orc sorcerer (Vaults:5)
  8 wolf spiders
  A cyclops (D:11)
  3 shining eyes
  2 will-o-the-wisps
  12 moths of wrath
  3 vault sentinels
  9 elephants
  A black mamba (Lair:5)
  A dire elephant zombie (Lair:5)
  2 apocalypse crabs (Swamp:1)
  4 eyes of devastation
  A rust devil (Depths:2)
  3 torpor snails
  A centaur skeleton (D:15)
  A titan simulacrum (Crypt:3)
  4 cane toads
  6 rime drakes
  A kobold demonologist (D:11)
  13 yaktaurs
  An anaconda simulacrum (Crypt:2)
  7 komodo dragons
  A human skeleton (Vaults:3)
  A tengu conjurer (Depths:4)
  2 meliai (D:15)
  2 trolls
  A bloated husk (Swamp:4)
  13 hornets
  3 polar bears (IceCv)
  4 tyrant leeches
  15 tarantellas
  A spectral elephant (Lair:5)
  3 blink frogs
  11 flying skulls
  2 shadows (Crypt:3)
  34 slime creatures
  A centaur simulacrum (D:15)
  9 jumping spiders
  An air elemental (Elf:1)
  A wyvern (Lair:3)
  8 culicivoras
  A water elemental (Depths:2)
  4 spriggans
  3 basilisks
  3 golden eyes
  23 yaks
  A yak (shapeshifter) (D:15)
  A neqoxec (Depths:1)
  2 vampire mosquitoes
  A death yak simulacrum (Lair:5)
  32 redbacks
  6 swamp worms
  2 large abominations (Crypt:3)
  A merfolk zombie (Crypt:2)
  2 wargs
  A spectral cane toad (Lair:5)
  7 water moccasins
  A floating eye (Depths:2)
  17 orc warriors
  6 swamp drakes
  9 wolves
  3 ogres
  4 centaurs
  A lindwurm skeleton (Crypt:2)
  4 bullfrogs
  2 necrophages
  A cane toad simulacrum (Lair:5)
  A draconian skeleton (Crypt:2)
  A wight (D:8)
  7 killer bees
  An electric eel (Lair:4)
  A howler monkey (D:14)
  A vampire bat (Lair:4)
  2 small abominations (Crypt:3)
  10 orc priests
  A jelly (D:8)
  6 orc wizards
  3 hell rats (Lair:2)
  28 orcs
  3 bats (Lair:4)
  2 kobolds (D:8)
  A butterfly (Lair:4)
818 creatures vanquished.

Vanquished Creatures (others)
  An orb of fire (Zot:5)
  A dread lich (Zot:5)
  A golden dragon (Zot:2)
  A shard shrike zombie (IceCv)
  Asterion (Vaults:3)
  A spectral jelly (Vaults:4)
  A spectral orc (Zot:5)
  3 spectral tentacled monstrosities
  A frost giant (Depths:2)
  A Killer Klown zombie (Zot:5)
  An ironbound preserver (Vaults:5)
  A spectral golden dragon (Slime:5)
  A white draconian (Zot:2)
  spectral Mlioglotl (Depths:2)
  A red draconian (Zot:4)
  A spectral acid blob (Slime:5)
  An acid blob zombie (Slime:5)
  A very ugly thing zombie (Depths:1)
  A quicksilver dragon zombie (Depths:4)
  A hydra (Swamp:4)
  An ogre mage (Vaults:5)
  2 sphinx zombies
  5 Orb Guardian zombies (Zot:5)
  A spectral hydra (Lair:5)
  A quicksilver ooze zombie (Slime:4)
  2 titan zombies
  A deep troll earth mage (Depths:2)
  An emperor scorpion zombie (Spider:4)
  2 storm dragon zombies
  A spriggan rider (Swamp:4)
  4 spark wasp zombies
  An anaconda zombie (Depths:4)
  A golden dragon zombie (Depths:4)
  A spriggan druid (Swamp:1)
  A spectral white draconian (Zot:5)
  A wizard (D:15)
  A deep elf pyromancer (Elf:1)
  A shadow dragon zombie (Zot:5)
  3 wolf spider zombies
  2 frost giant zombies
  10 ugly thing zombies
  5 draconian zombies (Zot:5)
  3 fire giant zombies
  3 stone giant zombies
  A formless jellyfish zombie (Vaults:3)
  A vault sentinel (Vaults:5)
  A black draconian zombie (Zot:5)
  A purple draconian zombie (Zot:5)
  3 yellow draconian zombies
  4 unseen horror zombies (Depths:3)
  11 redback zombies
  5 harpy zombies
  3 hydra zombies (Swamp:4)
  A bloated husk (Swamp:1)
  5 moth of wrath zombies
  An ettin zombie (Depths:4)
  A jumping spider zombie (Spider:1)
  3 culicivora zombies (Spider:4)
  5 ice dragon zombies
  2 fire dragon zombies (Depths:2)
  2 tarantella zombies
  A boulder beetle zombie (Vaults:2)
  3 meliai zombies
  A great orb of eyes zombie (Slime:5)
  8 slime creature zombies
  A spectral rust devil (Depths:1)
  11 spriggan zombies
  2 tengu zombies
  14 human zombies
  8 deep troll zombies
  A two-headed ogre zombie (D:15)
  3 hornet zombies
  A ghost crab zombie (Swamp:4)
  2 elephant zombies
  2 lindwurm zombies
  3 blink frog zombies
  3 swamp dragon zombies
  13 elf zombies
  2 torpor snail zombies
  A manticore zombie (D:15)
  A spectral water moccasin (Lair:1)
  2 vampire mosquito zombies (D:12)
  6 rime drake zombies (IceCv)
  11 yaktaur zombies
  A wyvern zombie (Lair:1)
  2 water moccasin zombies
  A warg zombie (Orc:2)
  4 yak zombies
  A troll zombie (Orc:2)
  3 polar bear zombies (IceCv)
  A killer bee (Spider:4)
  A wolf zombie (Lair:1)
  2 bullfrog zombies
  6 centaur zombies
  A basilisk zombie (Lair:3)
  13 killer bee zombies
  5 ogre zombies
  A hell rat zombie (Lair:2)
  A steam dragon zombie (Lair:1)
  A swamp drake zombie (Swamp:4)
  A spectral white imp (D:8)
  3 orcs
  A bat zombie (Lair:4)
  5 gnoll zombies
  2 kobold zombies (D:8)
  43 orc zombies
  9 foxfires
  11 starspawn tentacles
345 creatures vanquished.

Grand Total: 2834 creatures vanquished

Notes
Turn   | Place    | Note
-------+----------+-------------------------------------------
     0 | D:1      | Bnni the Formicid Fighter began the quest for the Orb.
     0 | D:1      | Reached XP level 1. HP: 18/18 MP: 1/1
    84 | D:1      | Found a faded altar of an unknown god.
   176 | D:1      | Reached XP level 2. HP: 22/24 MP: 2/2
   664 | D:2      | Reached XP level 3. HP: 29/29 MP: 3/3
   767 | D:2      | Found Ilaigeus's Distillery.
   781 | D:2      | Bought a potion of heal wounds for 70 gold pieces
   903 | D:2      | Found Quome's Magic Scroll Shoppe.
   908 | D:2      | Bought a scroll of identify for 20 gold pieces
  1253 | D:2      | Reached skill level 5 in Shields
  1253 | D:2      | Reached XP level 4. HP: 29/37 MP: 4/4
  1295 | D:2      | Reached skill level 3 in Polearms
  2307 | D:3      | Noticed an air elemental
  2309 | D:3      | Found a stormy altar of Qazlal.
  2311 | D:3      | Noticed an earth elemental
  2311 | D:3      | Noticed a fire elemental
  2311 | D:3      | Noticed a water elemental
  2530 | D:3      | Found a hazy altar of Hepliaklqana.
  2531 | D:3      | Found a bloodstained altar of Trog.
  2599 | D:4      | Noticed a phantom
  2599 | D:4      | Found Keseifut's Book Shoppe.
  2614 | D:4      | Killed a phantom
  2615 | D:4      | Reached skill level 4 in Polearms
  2615 | D:4      | Reached XP level 5. HP: 34/43 MP: 5/5
  3102 | D:4      | Reached XP level 6. HP: 36/49 MP: 6/6
  3253 | D:4      | Reached skill level 5 in Polearms
  3507 | D:4      | Reached skill level 5 in Fighting
  3630 | D:4      | Reached XP level 7. HP: 51/56 MP: 7/7
  3734 | D:4      | Reached skill level 6 in Polearms
  4060 | D:5      | Entered Level 5 of the Dungeon
  4086 | D:5      | Noticed a water moccasin
  4102 | D:5      | Killed a water moccasin
  4461 | D:2      | Bought a potion of curing for 42 gold pieces
  4510 | D:5      | Reached XP level 8. HP: 22/64 MP: 8/8
  4711 | D:5      | Reached skill level 7 in Polearms
  4900 | D:5      | Found a shadowy altar of Dithmenos.
  5397 | D:5      | Identified the +8 hand axe of Ecenell {heavy, rPois rC-
                  | rCorr SInv}
  5629 | D:6      | Reached skill level 8 in Polearms
  5640 | D:6      | Found Gikoim's Antique Weapon Shop.
  5847 | D:6      | Reached XP level 9. HP: 71/72 MP: 9/9
  5895 | D:6      | Found Bynuckibb's Distillery.
  5974 | D:6      | Found Bisu's Magic Scroll Boutique.
  5987 | D:6      | Identified the ring of Xutwe {Wiz rF+ rC++}
  5998 | D:6      | Bought a scroll of revelation for 97 gold pieces
  6060 | D:6      | Found Lyolawno's Distillery.
  6274 | D:6      | Found Garaen's Antique Armour Shop.
  6396 | D:7      | Found a staircase to the Ecumenical Temple.
  6417 | Temple   | Entered the Ecumenical Temple
  6444 | Temple   | Became a worshipper of Yredelemnul the Dark
  6560 | D:7      | Reached skill level 9 in Polearms
  6583 | D:7      | Identified the +4 scale mail of Tenacity {Rampage rN++
                  | rCorr}
  6605 | D:7      | Found a broken altar of Ashenzari.
  6609 | D:7      | Saw a vision of the Swamp and the Spider Nest.
  6609 | D:7      | Noticed a spriggan rider
  6609 | D:7      | Noticed a steelbarb worm
  6609 | D:7      | Noticed an orb spider
  6609 | D:7      | Noticed a tarantella
  6609 | D:7      | Noticed a tarantella
  6609 | D:7      | Noticed a fenstrider witch
  6609 | D:7      | Noticed an alligator
  6610 | D:7      | Noticed a broodmother
  6610 | D:7      | Noticed a torpor snail
  6610 | D:7      | Noticed an orb spider
  6610 | D:7      | Noticed a moth of wrath
  6614 | D:7      | Noticed an entropy weaver
  6645 | D:7      | Reached * piety under Yredelemnul
  6772 | D:7      | Found a glowing golden altar of the Shining One.
  6942 | D:7      | Reached ** piety under Yredelemnul
  7145 | D:7      | Found Huuhuteo's Magic Scroll Shoppe.
  7150 | D:7      | Bought a scroll of identify for 28 gold pieces
  7352 | D:8      | Reached skill level 10 in Polearms
  7572 | D:8      | Identified the +6 hand axe of Bilomn {speed, rC++}
  7686 | D:8      | Noticed a troll
  7699 | D:8      | Killed a troll
  7700 | D:8      | Reached skill level 1 in Invocations
  7700 | D:8      | Reached XP level 10. HP: 23/82 MP: 4/11
  8628 | D:9      | Noticed Prince Ribbit
  8643 | D:9      | Killed Prince Ribbit
  8644 | D:9      | Reached skill level 11 in Polearms
  8766 | D:9      | Found a sacrificial altar of Ru.
  8799 | D:9      | Noticed Maggie
  8816 | D:9      | Killed Maggie
  9018 | D:9      | Reached *** piety under Yredelemnul
  9599 | D:10     | Entered Level 10 of the Dungeon
  9890 | D:10     | Noticed a komodo dragon
  9902 | D:10     | Killed a komodo dragon
  9909 | D:10     | Reached skill level 12 in Polearms
  9909 | D:10     | Reached skill level 5 in Invocations
 10050 | D:10     | Found a staircase to the Lair.
 10476 | D:11     | Noticed a cyclops
 10491 | D:11     | Killed a cyclops
 10492 | D:11     | Reached skill level 10 in Fighting
 10492 | D:11     | Reached XP level 11. HP: 27/90 MP: 13/15
 10901 | D:11     | Noticed a cyclops
 10913 | D:11     | Killed a cyclops
 11018 | D:11     | Found a glowing golden altar of the Shining One.
 11103 | D:11     | Reached **** piety under Yredelemnul
 11106 | D:11     | Reached skill level 13 in Polearms
 11106 | D:11     | Noticed a sixfirhy
 12016 | D:12     | Noticed a soul eater
 12434 | D:12     | Noticed a manticore
 12434 | D:12     | Noticed a boulder beetle
 12451 | D:12     | Killed a manticore
 12452 | D:12     | Reached XP level 12. HP: 65/100 MP: 13/17
 12462 | D:12     | Killed a boulder beetle
 12754 | D:12     | Found a staircase to the Orcish Mines.
 13083 | D:12     | Reached skill level 14 in Polearms
 13131 | D:12     | Identified the +3 robe of Monotheism {Dex+3 SInv}
 13214 | D:13     | Noticed a boulder beetle
 13233 | D:13     | Killed a boulder beetle
 13787 | D:13     | Noticed a centaur warrior
 13802 | D:13     | Killed a centaur warrior
 14011 | D:13     | Noticed a tengu warrior
 14035 | D:13     | Killed a tengu warrior
 14265 | D:13     | Reached ***** piety under Yredelemnul
 14558 | D:13     | a komodo dragon changed into a glowing orange brain
 14558 | D:13     | Noticed a glowing orange brain (shapeshifter)
 14564 | D:13     | Killed a glowing orange brain
 14724 | D:13     | Reached XP level 13. HP: 107/107 MP: 19/19
 14937 | Lair:1   | Entered Level 1 of the Lair of Beasts
 14977 | Lair:1   | Noticed Grum
 14987 | Lair:1   | Killed Grum
 15112 | Lair:1   | Reached skill level 10 in Shields
 15283 | Lair:1   | Noticed a catoblepas
 15306 | Lair:1   | Killed a catoblepas
 15307 | Lair:1   | Reached skill level 15 in Polearms
 15760 | Lair:1   | Reached skill level 10 in Invocations
 15905 | Lair:1   | Found a snail-covered altar of Cheibriados.
 15920 | Lair:1   | Reached ****** piety under Yredelemnul
 16613 | Lair:1   | Noticed a catoblepas
 16613 | Lair:1   | Noticed a dire elephant
 16633 | Lair:1   | Found a runed translucent door.
 16707 | Lair:1   | Killed a catoblepas
 16715 | Lair:1   | Killed a dire elephant
 16715 | Lair:1   | Charmed a dire elephant
 17090 | Lair:2   | Identified the +9 quarterstaff of Defilement {flame, rC+}
 17555 | Lair:2   | Found a hole to the Spider Nest.
 17588 | Lair:2   | Reached skill level 16 in Polearms
 17809 | Lair:3   | Noticed a six-headed hydra
 18250 | Lair:3   | Reached XP level 14. HP: 97/118 MP: 22/22
 18611 | Lair:3   | Found a staircase to the Swamp.
 19269 | Lair:4   | Found a staircase to the Slime Pits.
 19715 | Lair:4   | Identified a scroll of acquirement
 19926 | Lair:5   | Entered Level 5 of the Lair of Beasts
 19966 | Lair:5   | Reached skill level 17 in Polearms
 20909 | Lair:5   | Noticed a dire elephant
 20909 | Lair:5   | Noticed a dire elephant
 20909 | Lair:5   | Noticed a dire elephant
 20909 | Lair:5   | Noticed a dire elephant
 21015 | Lair:5   | Identified the amulet of Sissor {-Tele Will+ Regen+ MP+9
                  | Int+3}
 21096 | Lair:5   | Killed a dire elephant
 21097 | Lair:5   | Reached XP level 15. HP: 126/126 MP: 24/24
 21121 | Lair:5   | Reached skill level 5 in Armour
 21533 | Orc:1    | Entered Level 1 of the Orcish Mines
 21636 | Orc:1    | Noticed Gastronok
 21657 | Orc:1    | Reached skill level 18 in Polearms
 21670 | Orc:1    | Killed Gastronok
 21744 | Orc:1    | Found a runed translucent gate.
 21744 | Orc:1    | Found a runed translucent gate.
 21744 | Orc:1    | Found a runed translucent gate.
 21744 | Orc:1    | Noticed Kuwn's ghost (journeyman HuDe)
 21744 | Orc:1    | Noticed Zennem's ghost (journeyman MiFi)
 21745 | Orc:1    | Noticed Xibe's ghost (journeyman HOFi)
 21759 | Orc:1    | Killed Xibe's ghost
 21763 | Orc:1    | Killed Kuwn's ghost
 21768 | Orc:1    | Killed Zennem's ghost
 21835 | Orc:1    | Found a bloodstained altar of Trog.
 22200 | Orc:2    | Entered Level 2 of the Orcish Mines
 22634 | Orc:2    | Found Pibaluul's General Store.
 22634 | Orc:2    | Found Gub Geu's Armour Emporium.
 22636 | Orc:2    | Found Biwnal's Antique Armour Shoppe.
 22638 | Orc:2    | Found Qokkauj's Magic Scroll Shop.
 22650 | Orc:2    | Bought the +2 shield of Resistance {rF++ rC++ Will++} for
                  | 987 gold pieces
 22650 | Orc:2    | Found the +2 shield of Resistance {rF++ rC++ Will++}
 22663 | Orc:2    | Bought a bloodstained chain mail for 285 gold pieces
 22663 | Orc:2    | Identified the +0 chain mail of the Blind Marksman {Rampage
                  | Str+3} (You bought it in a shop on level 2 of the Orcish
                  | Mines)
 22682 | Orc:2    | Found a staircase to the Elven Halls.
 23115 | Orc:2    | Acquired the amulet "Juckipa" {Faith Fly rF+ rC+ Dex+2}
 23622 | D:14     | Noticed Nessos
 23632 | D:14     | You are sucked into a shaft and drop 1 floor!
 23632 | D:15     | Entered Level 15 of the Dungeon
 23966 | D:14     | Killed Nessos
 23966 | D:14     | Charmed Nessos
 24220 | D:14     | Found a gate to the Vaults.
 24930 | D:15     | Reached skill level 15 in Fighting
 24957 | D:15     | Reached XP level 16. HP: 135/136 MP: 23/26
 24960 | D:15     | Reached skill level 1 in Dodging
 25291 | D:15     | Reached skill level 19 in Polearms
 25587 | D:15     | Found Eqeah's Assorted Antiques.
 25930 | D:15     | Found a staircase to the Depths.
 26320 | Swamp:1  | Entered Level 1 of the Swamp
 26327 | Swamp:1  | Noticed a fenstrider witch
 26332 | Swamp:1  | Killed a fenstrider witch
 26505 | Swamp:1  | Noticed a fenstrider witch
 26511 | Swamp:1  | Killed a fenstrider witch
 27081 | Swamp:1  | Identified the +7 ring mail of the Scribe {rN+}
 27154 | Swamp:1  | Found a runed translucent door.
 27846 | Swamp:1  | Identified the +1 spear of the Beginning {heavy, *Rage rF++
                  | Str+2}
 28165 | D:6      | Bought a potion of curing for 42 gold pieces
 28165 | D:6      | Bought a potion of curing for 42 gold pieces
 28165 | D:6      | Bought a potion of heal wounds for 70 gold pieces
 28165 | D:6      | Bought a potion of heal wounds for 70 gold pieces
 28190 | D:6      | Bought a potion of heal wounds for 60 gold pieces
 28264 | D:2      | Bought 2 potions of heal wounds for 140 gold pieces
 28517 | Swamp:2  | Reached XP level 17. HP: 115/143 MP: 25/27
 30510 | Swamp:3  | Reached skill level 20 in Polearms
 30787 | Swamp:3  | Reached skill level 15 in Invocations
 30812 | Swamp:3  | Got the Elucidation of Meteoric Bolts
 31043 | Swamp:3  | Reached skill level 5 in Dodging
 31352 | Swamp:4  | Entered Level 4 of the Swamp
 31942 | Swamp:4  | Noticed the 27-headed Lernaean hydra
 31947 | Swamp:4  | Killed the 27-headed Lernaean hydra
 31948 | Swamp:4  | Reached skill level 10 in Armour
 31954 | Swamp:4  | Reached XP level 18. HP: 153/153 MP: 16/29
 32323 | Swamp:4  | Got a decaying rune of Zot
 32564 | Spider:1 | Entered Level 1 of the Spider Nest
 32730 | Spider:1 | Noticed Mlioglotl
 34290 | Spider:1 | Killed Mlioglotl
 34290 | Spider:1 | Charmed Mlioglotl
 34723 | Spider:1 | Reached skill level 21 in Polearms
 35614 | Spider:3 | Found a frozen archway.
 35740 | IceCv    | Entered an ice cave
 36169 | IceCv    | Noticed a shard shrike
 36192 | IceCv    | Reached XP level 19. HP: 98/161 MP: 23/31
 36203 | IceCv    | Killed a shard shrike
 36336 | IceCv    | Identified the +0 scale mail of Nathruqekk {rC+}
 36338 | IceCv    | Got the Thoughts on Graupel
 36846 | IceCv    | Identified the +2 pair of boots "Piakusm" {Regen+ rCorr}
 37789 | Spider:4 | Entered Level 4 of the Spider Nest
 38580 | Spider:4 | Reached skill level 22 in Polearms
 38605 | Spider:4 | Got a gossamer rune of Zot
 39215 | Vaults:1 | Entered Level 1 of the Vaults
 39620 | Vaults:1 | Reached XP level 20. HP: 170/170 MP: 32/32
 39952 | Vaults:1 | Found a portal to a secret trove of treasure.
 40150 | Vaults:1 | Found a flickering gateway to a bazaar.
 40179 | Bazaar   | Entered a bazaar
 40193 | Bazaar   | Found Gak Katu's Assorted Antiques.
 40193 | Bazaar   | Found Posishe's Antique Armour Emporium.
 40215 | Bazaar   | Found Bunac's Armour Emporium.
 40237 | Bazaar   | Found Qanic's Magic Scroll Shoppe.
 40237 | Bazaar   | Found Xuwn's Magic Scroll Emporium.
 40269 | Bazaar   | Bought a scroll of enchant weapon for 97 gold pieces
 40269 | Bazaar   | Bought a scroll of enchant armour for 97 gold pieces
 40275 | Bazaar   | Bought a scroll of enchant armour for 105 gold pieces
 40301 | Bazaar   | Bought a dazzling cloak for 228 gold pieces
 40301 | Bazaar   | Identified the +1 cloak of Quantum Leap {Regen+} (You
                  | bought it in a shop in a bazaar)
 40318 | Bazaar   | Bought a phantom mirror for 840 gold pieces
 40318 | Bazaar   | Bought a potion of curing for 63 gold pieces
 41297 | Vaults:2 | Found a runed translucent door.
 41297 | Vaults:2 | Noticed SlowGraham's ghost (legendary KoMo)
 41301 | Vaults:2 | Found the +2 hood of the Assassin {Detect Stab+ Stlth++}
 41523 | Vaults:2 | Found a staircase to the Crypt.
 41792 | Vaults:2 | Killed SlowGraham's ghost
 42366 | Vaults:3 | Reached XP level 21. HP: 178/178 MP: 31/33
 42542 | Vaults:3 | Noticed Asterion
 42556 | Vaults:3 | Killed Asterion
 42557 | Vaults:3 | Reached skill level 23 in Polearms
 44213 | Vaults:4 | Reached skill level 10 in Dodging
 45021 | Depths:1 | Entered Level 1 of the Depths
 45328 | Depths:1 | Found Mipefu's Fire Supplies.
 45397 | Depths:1 | Found a one-way gate to the infinite horrors of the Abyss.
 45433 | Depths:1 | Reached XP level 22. HP: 172/187 MP: 29/35
 45526 | Depths:1 | Found a one-way gate leading to the halls of Pandemonium.
 45972 | Depths:1 | Found a gateway to Hell.
 46052 | Depths:1 | Found the +3 salamander hide armour {Flames, rFlCloud rF++
                  | rC--}
 46082 | Depths:1 | Gained mutation: You occasionally lose the ability to read
                  | scrolls when taking damage. [a shining eye]
 46533 | Depths:2 | Noticed a juggernaut
 46547 | Depths:2 | Killed a juggernaut
 46548 | Depths:2 | Reached skill level 24 in Polearms
 46697 | Depths:2 | Your ally Mlioglotl died
 46728 | Depths:2 | Noticed a golden dragon
 46739 | Depths:2 | Killed a golden dragon
 46739 | Depths:2 | Charmed a golden dragon
 46864 | Depths:2 | Reached skill level 15 in Armour
 47099 | Depths:2 | Reached XP level 23. HP: 156/196 MP: 33/36
 47195 | Depths:2 | Reached skill level 1 in Throwing
 47238 | Depths:2 | Identified the +7 broad axe of Disaster {flame, Int+2}
 48190 | D:2      | Bought a scroll of enchant weapon for 75 gold pieces
 48190 | D:2      | Bought a scroll of enchant weapon for 75 gold pieces
 48276 | D:6      | Bought a scroll of enchant weapon for 97 gold pieces
 48276 | D:6      | Bought a scroll of enchant weapon for 97 gold pieces
 48327 | D:7      | Bought a scroll of enchant weapon for 105 gold pieces
 48327 | D:7      | Bought a scroll of enchant armour for 105 gold pieces
 48965 | Depths:3 | Got the Parchment of Elitism
 49045 | Depths:3 | Reached skill level 5 in Throwing
 49143 | Depths:3 | Acquired a manual of Spellcasting
 49643 | Depths:4 | Entered Level 4 of the Depths
 49768 | Depths:4 | Found a one-way gateway to a ziggurat.
 49801 | Depths:4 | Noticed a golden dragon
 49807 | Depths:4 | Killed a golden dragon
 50049 | Depths:4 | Found a gate to the Realm of Zot.
 50123 | Depths:4 | Found a basalt altar of Yredelemnul.
 50124 | Depths:4 | Found a sparkling altar of Nemelex Xobeh.
 50124 | Depths:4 | Found a basalt altar of Yredelemnul.
 50195 | Depths:4 | Noticed a dread lich
 50205 | Depths:4 | Killed a dread lich
 50206 | Depths:4 | Reached XP level 24. HP: 196/205 MP: 25/37
 50214 | Depths:4 | Identified the +0 scale mail of the Bells {rElec rN+ Dex-4}
 50235 | Depths:4 | Noticed a caustic shrike
 50241 | Depths:4 | Noticed a caustic shrike
 50246 | Depths:4 | Noticed a caustic shrike
 50252 | Depths:4 | Killed a caustic shrike
 50253 | Depths:4 | Noticed a caustic shrike
 50314 | Depths:4 | Noticed a golden dragon
 50319 | Depths:4 | Killed a golden dragon
 50412 | Depths:4 | Noticed a caustic shrike
 50417 | Depths:4 | Killed a caustic shrike
 50430 | Depths:4 | Noticed a juggernaut
 50488 | Depths:4 | Noticed an ancient lich
 50493 | Depths:4 | Killed an ancient lich
 50499 | Depths:4 | Noticed a caustic shrike
 50503 | Depths:4 | Killed a caustic shrike
 50524 | Depths:4 | Killed a juggernaut
 50612 | Depths:4 | Identified the +3 short sword "Quhyxkumokk" {heavy, rN+++
                  | Int-5 Dex-4 SInv}
 50664 | Depths:4 | Noticed a caustic shrike
 50674 | Depths:4 | Killed a caustic shrike
 50737 | Depths:4 | Noticed a golden dragon
 50744 | Depths:4 | Killed a golden dragon
 51495 | Elf:1    | Entered Level 1 of the Elven Halls
 52078 | Elf:1    | Got the Elucidation of Supportive Assaults
 52342 | Elf:1    | Found Adogib Emme's Jewellery Shop.
 52526 | Elf:2    | Noticed Roxanne
 52547 | Elf:2    | Killed Roxanne
 52548 | Elf:2    | Reached skill level 10 in Throwing
 52742 | Elf:2    | Reached XP level 25. HP: 178/214 MP: 37/37
 52787 | Elf:2    | Found a runed translucent gate.
 52788 | Elf:2    | Found a runed translucent gate.
 52788 | Elf:2    | Found a runed translucent gate.
 53482 | Elf:3    | Entered Level 3 of the Elven Halls
 53595 | Elf:3    | Found Paymu's Assorted Antiques.
 54009 | Elf:3    | Noticed Donald
 54015 | Elf:3    | Killed Donald
 54035 | Elf:3    | Noticed Nikola
 54045 | Elf:3    | Killed Nikola
 54219 | Elf:3    | Identified the +3 leather armour of Hedging {Int+4 Slay+2}
 54219 | Elf:3    | Identified the ring of Interdependent Arising {rN+ Will+
                  | Dex+4}
 54314 | Elf:3    | Identified the amulet of the Sheltering Gods {Reflect Dex+3
                  | SH+5}
 54356 | Elf:3    | Identified the staff of Calamity {rC+ Int+4 Ice}
 54360 | Elf:3    | Identified the amulet of Luur {Spirit SInv}
 54414 | Elf:3    | Identified the +5 battleaxe "Ozas" {antimagic, rPois rC+
                  | Dex+2}
 54430 | Elf:3    | Identified the +6 quarterstaff of Paddoa Atos {freeze, rF+
                  | rCorr Int+3}
 54436 | Elf:3    | Identified the +1 pair of boots "Saugh" {Int-4 Dex+5
                  | Slay+2}
 54479 | Elf:3    | Got the Incunabulum of Violent Doom
 54527 | Elf:3    | Got the Parchment of Charms and Malevolent Rituals
 54721 | Elf:3    | Learned a level 1 spell: Apportation
 54724 | Elf:3    | Learned a level 2 spell: Lesser Beckoning
 54727 | Elf:3    | Learned a level 2 spell: Sublimation of Blood
 54732 | Elf:3    | Learned a level 4 spell: Manifold Assault
 54738 | Elf:3    | Learned a level 5 spell: Borgnjor's Vile Clutch
 54978 | Crypt:1  | Entered Level 1 of the Crypt
 55067 | Crypt:1  | Noticed Zenata
 55098 | Vaults:2 | Killed Zenata
 55192 | Crypt:1  | Noticed a royal mummy
 55206 | Crypt:1  | Killed a royal mummy
 55216 | Crypt:1  | Noticed a royal mummy
 55216 | Crypt:1  | Noticed Khufu
 55226 | Crypt:1  | Killed a royal mummy
 55233 | Crypt:1  | Noticed a royal mummy
 55239 | Crypt:1  | Killed Khufu
 55244 | Crypt:1  | Killed a royal mummy
 56476 | Crypt:2  | Reached XP level 26. HP: 199/224 MP: 37/37
 56624 | Crypt:3  | Entered Level 3 of the Crypt
 56929 | Crypt:3  | Found an ancient bone altar of Kikubaaqudgha.
 57596 | Crypt:3  | Found a staircase to the Tomb.
 57690 | Crypt:3  | Identified the +0 plate armour of the Shining Light {rN+++
                  | Str-4 Dex+2}
 57753 | Crypt:3  | Identified the +2 long sword of Peluczen {drain, Drain
                  | rN++}
 57824 | Crypt:3  | Acquired the +3 pair of gauntlets of War {Slay+5}
 57824 | Crypt:3  | Found the +3 pair of gauntlets of War {Slay+5}
 58169 | Slime:1  | Entered Level 1 of the Pits of Slime
 58311 | Slime:1  | Gained mutation: Your magical capacity is low. (-10% MP) [a
                  | shining eye]
 58318 | Slime:1  | Gained mutation: Armour fits poorly on your strangely
                  | shaped body. [a shining eye]
 58661 | Slime:2  | Gained mutation: You are dopey. (Int -2) [a shining eye]
 59035 | Slime:3  | Gained mutation: You are frail. (-10% HP) [a shining eye]
 60171 | Slime:5  | Entered Level 5 of the Pits of Slime
 60231 | Slime:5  | Gained mutation: Your body sometimes deteriorates upon
                  | taking damage. [a shining eye]
 60234 | Slime:5  | Lost mutation: You are dopey. (Int -2) [a shining eye]
 60235 | Slime:5  | Gained mutation: Your spells are a little easier to cast,
                  | but a little less powerful. [a shining eye]
 60254 | Slime:5  | Reached XP level 27. HP: 207/207 MP: 34/34
 60392 | Slime:5  | Lost mutation: Your spells are a little easier to cast, but
                  | a little less powerful. [potion of mutation]
 60392 | Slime:5  | Lost mutation: You occasionally lose the ability to read
                  | scrolls when taking damage. [potion of mutation]
 60392 | Slime:5  | Gained mutation: A frigid envelope surrounds you and
                  | freezes all who hurt you. [potion of mutation]
 60392 | Slime:5  | Gained mutation: Your magical capacity is very low. (-20%
                  | MP) [potion of mutation]
 60392 | Slime:5  | Gained mutation: Your flesh is heat resistant. (rF+)
                  | [potion of mutation]
 60392 | Slime:5  | Gained mutation: You possess an exceptional clarity of
                  | mind. [potion of mutation]
 60393 | Slime:5  | Lost mutation: Your magical capacity is very low. (-20% MP)
                  | [potion of mutation]
 60393 | Slime:5  | Lost mutation: Your magical capacity is low. (-10% MP)
                  | [potion of mutation]
 60393 | Slime:5  | Gained mutation: Your flesh is cold resistant. (rC+)
                  | [potion of mutation]
 60393 | Slime:5  | Gained mutation: You are clumsy. (Dex -2) [potion of
                  | mutation]
 60393 | Slime:5  | Lost mutation: A frigid envelope surrounds you and freezes
                  | all who hurt you. [potion of mutation]
 60393 | Slime:5  | Gained mutation: You have hidden genetic potential. [potion
                  | of mutation]
 60394 | Slime:5  | Lost mutation: Your body sometimes deteriorates upon taking
                  | damage. [potion of mutation]
 60394 | Slime:5  | Lost mutation: You possess an exceptional clarity of mind.
                  | [potion of mutation]
 60394 | Slime:5  | Lost mutation: Armour fits poorly on your strangely shaped
                  | body. [potion of mutation]
 60394 | Slime:5  | Gained mutation: Your flesh is very heat resistant. (rF++)
                  | [potion of mutation]
 60394 | Slime:5  | Gained mutation: Your spells are a little easier to cast,
                  | but a little less powerful. [potion of mutation]
 60394 | Slime:5  | Gained mutation: Your system is resistant to poisons.
                  | (rPois) [potion of mutation]
 60435 | Slime:5  | Found a viscous altar of Jiyva.
 60437 | Slime:5  | Noticed the Royal Jelly
 60446 | Slime:5  | Killed the Royal Jelly
 60446 | Slime:5  | Charmed the Royal Jelly
 60631 | Slime:5  | Gained mutation: You are very frail. (-20% HP) [a shining
                  | eye]
 60648 | Slime:5  | Gained mutation: Your magical capacity is low. (-10% MP) [a
                  | shining eye]
 62338 | Vaults:5 | Entered Level 5 of the Vaults
 62818 | Vaults:5 | Noticed Bai Suzhen
 62837 | Vaults:4 | Your ally the Royal Jelly died
 62840 | Vaults:4 | Killed Bai Suzhen
 62841 | Vaults:4 | Reached skill level 15 in Throwing
 63340 | Slime:5  | Identified the +7 flail "Cotix" {freeze, *Rage rPois
                  | Will+++ Stlth-}
 63369 | Slime:5  | Identified the +0 hat "Coaps" {Int+3}
 63375 | Slime:5  | Identified the +4 mace of the Exceptional God {heavy,
                  | Dex+3}
 63382 | Slime:5  | Identified the ring "Acoupt" {Will+ EV+5}
 63414 | Slime:5  | Got a slimy rune of Zot
 63418 | Slime:5  | Learned a level 2 spell: Wereblood
 63420 | Slime:5  | Identified the +0 ring mail "Otuoblem" {rN+}
 63436 | Slime:5  | Identified the staff of Guilt {Fly rPois rN+ Dex-3 Necro}
 63464 | Slime:5  | Identified the ring of Qeamp {Will+ Str+4 Dex-5}
 64062 | Vaults:5 | Noticed an ancient lich
 64079 | Vaults:5 | Killed an ancient lich
 64088 | Vaults:5 | Noticed Mennas
 64156 | Vaults:5 | Noticed Saint Roka
 64180 | Vaults:4 | Killed Mennas
 64319 | Vaults:5 | Killed Saint Roka
 64319 | Vaults:5 | Charmed Saint Roka
 64362 | Vaults:5 | Reached skill level 15 in Dodging
 64790 | Vaults:5 | Gained mutation: You possess an exceptional clarity of
                  | mind. [hidden potential]
 64859 | Vaults:5 | Reached skill level 15 in Shields
 65012 | Vaults:5 | Identified the +5 giant club of Noon {freeze, Str+3}
 65077 | Vaults:5 | Got a silver rune of Zot
 66017 | Zot:1    | Entered Level 1 of the Realm of Zot
 66557 | Zot:1    | Learned a level 4 spell: Dimensional Bullseye
 66562 | Zot:1    | Learned a level 4 spell: Passage of Golubria
 66615 | Zot:1    | Reached skill level 1 in Spellcasting
 66810 | Zot:1    | Reached skill level 1 in Translocations
 67146 | Zot:2    | Identified the +4 sling "Caryap" {heavy, Will+ Str-2 Int+3
                  | SInv}
 67189 | Zot:2    | Noticed a Killer Klown
 67218 | Zot:2    | Killed a Killer Klown
 67339 | Zot:2    | Noticed a Killer Klown
 67350 | Zot:2    | Killed a Killer Klown
 67383 | Zot:2    | Reached skill level 5 in Spellcasting
 67394 | Zot:2    | Noticed a Killer Klown
 67403 | Zot:2    | Killed a Killer Klown
 67404 | Zot:2    | Lost mutation: You are very frail. (-20% HP) [hidden
                  | potential]
 67404 | Zot:2    | Lost mutation: You have hidden genetic potential. [hidden
                  | potential expressed]
 67521 | Zot:2    | Found a runed translucent gate.
 67522 | Zot:2    | Found a runed translucent gate.
 67669 | Zot:2    | Reached skill level 1 in Necromancy
 67703 | Zot:2    | Found a runed translucent gate.
 67705 | Zot:2    | Noticed Beshis's ghost (legendary FoHu)
 67706 | Zot:2    | Identified the ring "Baistrup" {Fly rF+ rC+ Dex+3}
 67707 | Zot:2    | Identified the ring of the Spinneret {rN+ rCorr Str+3 Int+6
                  | Dex+3}
 67867 | Zot:2    | Reached skill level 5 in Translocations
 67875 | Zot:2    | Gained mutation: You are dopey. (Int -2) [mutagenic glow]
 67892 | Zot:2    | Killed Beshis's ghost
 68359 | Zot:3    | Noticed a Killer Klown
 68367 | Zot:3    | Killed a Killer Klown
 68475 | Zot:3    | Learned a level 5 spell: Yara's Violent Unravelling
 68480 | Zot:3    | Learned a level 4 spell: Animate Armour
 68696 | Zot:4    | Reached skill level 1 in Earth Magic
 68769 | Zot:4    | Gained mutation: Your magical capacity is very low. (-20%
                  | MP) [mutagenic glow]
 68864 | Zot:4    | Reached skill level 1 in Summonings
 68882 | Zot:4    | Noticed an orb of fire
 68893 | Zot:4    | Killed an orb of fire
 68980 | Zot:4    | Reached skill level 1 in Hexes
 69074 | Zot:4    | Reached skill level 1 in Transmutations
 69157 | Zot:5    | Entered Level 5 of the Realm of Zot
 69256 | Zot:5    | Found the +4 dragonskin cloak
 69256 | Zot:5    | Noticed Tiamat
 69294 | Zot:5    | Noticed an orb of fire
 69321 | Zot:5    | Your ally Saint Roka died
 69330 | Zot:5    | Killed Tiamat
 69338 | Zot:5    | Gained mutation: Your body sometimes deteriorates upon
                  | taking damage. [an orb of fire]
 69344 | Zot:5    | Gained mutation: You do not regenerate when monsters are
                  | visible. [an orb of fire]
 69348 | Zot:5    | Gained mutation: You occasionally lose the ability to drink
                  | potions when taking damage. [an orb of fire]
 69351 | Zot:5    | Killed an orb of fire
 69460 | Zot:5    | Lost mutation: Your system is resistant to poisons. (rPois)
                  | [potion of mutation]
 69460 | Zot:5    | Lost mutation: Your flesh is cold resistant. (rC+) [potion
                  | of mutation]
 69460 | Zot:5    | Gained mutation: Your movements are slightly less
                  | encumbered by armour. (ER -2) [potion of mutation]
 69461 | Zot:5    | Lost mutation: Your movements are slightly less encumbered
                  | by armour. (ER -2) [potion of mutation]
 69461 | Zot:5    | Lost mutation: You are frail. (-10% HP) [potion of
                  | mutation]
 69461 | Zot:5    | Gained mutation: You are covered in fur. (AC +1) [potion of
                  | mutation]
 69462 | Zot:5    | Lost mutation: You are covered in fur. (AC +1) [potion of
                  | mutation]
 69462 | Zot:5    | Lost mutation: Your body sometimes deteriorates upon taking
                  | damage. [potion of mutation]
 69462 | Zot:5    | Lost mutation: You are clumsy. (Dex -2) [potion of
                  | mutation]
 69462 | Zot:5    | Gained mutation: You have hidden genetic potential. [potion
                  | of mutation]
 69463 | Zot:5    | Lost mutation: You are dopey. (Int -2) [potion of mutation]
 69463 | Zot:5    | Lost mutation: Your flesh is very heat resistant. (rF++)
                  | [potion of mutation]
 69463 | Zot:5    | Lost mutation: You possess an exceptional clarity of mind.
                  | [potion of mutation]
 69463 | Zot:5    | Lost mutation: You occasionally lose the ability to drink
                  | potions when taking damage. [potion of mutation]
 69464 | Zot:5    | Lost mutation: Your spells are a little easier to cast, but
                  | a little less powerful. [potion of mutation]
 69464 | Zot:5    | Lost mutation: You have hidden genetic potential. [potion
                  | of mutation]
 69464 | Zot:5    | Lost mutation: Your magical capacity is very low. (-20% MP)
                  | [potion of mutation]
 69464 | Zot:5    | Gained mutation: You are robust. (+10% HP) [potion of
                  | mutation]
 69464 | Zot:5    | Gained mutation: You have hidden genetic defects. [potion
                  | of mutation]
 69464 | Zot:5    | Lost mutation: You are robust. (+10% HP) [potion of
                  | mutation]
 69464 | Zot:5    | Gained mutation: You possess an exceptional clarity of
                  | mind. [potion of mutation]
 69465 | Zot:5    | Lost mutation: You possess an exceptional clarity of mind.
                  | [potion of mutation]
 69465 | Zot:5    | Lost mutation: Your flesh is heat resistant. (rF+) [potion
                  | of mutation]
 69465 | Zot:5    | Gained mutation: Your body sometimes deteriorates upon
                  | taking damage. [potion of mutation]
 69465 | Zot:5    | Gained mutation: You are agile. (Dex +4, Str/Int -1)
                  | [potion of mutation]
 69466 | Zot:5    | Lost mutation: You do not regenerate when monsters are
                  | visible. [potion of mutation]
 69466 | Zot:5    | Lost mutation: Your body sometimes deteriorates upon taking
                  | damage. [potion of mutation]
 69466 | Zot:5    | Gained mutation: Your spells are a little easier to cast,
                  | but a little less powerful. [potion of mutation]
 69466 | Zot:5    | Gained mutation: Your movements are slightly less
                  | encumbered by armour. (ER -2) [potion of mutation]
 69466 | Zot:5    | Gained mutation: You are partially covered in iridescent
                  | scales. (AC +2) [potion of mutation]
 69467 | Zot:5    | Lost mutation: Your movements are slightly less encumbered
                  | by armour. (ER -2) [potion of mutation]
 69467 | Zot:5    | Lost mutation: Your spells are a little easier to cast, but
                  | a little less powerful. [potion of mutation]
 69467 | Zot:5    | Lost mutation: You have hidden genetic defects. [potion of
                  | mutation]
 69467 | Zot:5    | Gained mutation: Your flesh is heat resistant. (rF+)
                  | [potion of mutation]
 69467 | Zot:5    | Gained mutation: You have large cloven feet. [potion of
                  | mutation]
 69604 | Zot:5    | Acquired the +1 kite shield of Adeagetiu {rElec rC++
                  | Will++}
 69648 | Zot:5    | Reached skill level 5 in Earth Magic
 70002 | Zot:5    | Reached skill level 5 in Necromancy
 70022 | Zot:5    | Noticed a dread lich
 70037 | Zot:5    | Killed a dread lich
 70176 | Zot:5    | Noticed an ancient lich
 70185 | Zot:5    | Killed an ancient lich
 70185 | Zot:5    | Noticed an orb of fire
 70191 | Zot:5    | Gained mutation: Armour fits poorly on your strangely
                  | shaped body. [an orb of fire]
 70192 | Zot:5    | Killed an orb of fire
 70208 | Zot:5    | Noticed an orb of fire
 70218 | Zot:5    | Killed an orb of fire
 70232 | Zot:5    | Noticed an ancient lich
 70237 | Zot:5    | Noticed a Killer Klown
 70240 | Zot:5    | Killed an ancient lich
 70240 | Zot:5    | Noticed an ancient lich
 70244 | Zot:5    | Killed a Killer Klown
 70249 | Zot:5    | Noticed a dread lich
 70263 | Zot:5    | Killed an ancient lich
 70264 | Zot:5    | Noticed a Killer Klown
 70287 | Zot:5    | Killed a dread lich
 70296 | Zot:5    | Killed a Killer Klown
 70411 | Zot:5    | Noticed an orb of fire
 70422 | Zot:5    | Noticed an orb of fire
 70454 | Zot:5    | Gained mutation: You occasionally lose the ability to read
                  | scrolls when taking damage. [an orb of fire]
 70456 | Zot:5    | Noticed a dread lich
 70456 | Zot:5    | Noticed an orb of fire
 70459 | Zot:5    | Gained mutation: You possess an exceptional clarity of
                  | mind. [an orb of fire]
 70462 | Zot:5    | HP: 4/236 [orb of fire/fireball (17)]
 70463 | Zot:5    | Lost mutation: You are agile. (Dex +4, Str/Int -1) [an orb
                  | of fire]
 70464 | Zot:5    | Noticed a Killer Klown
 70468 | Zot:5    | Killed an orb of fire
 70468 | Zot:5    | Gained mutation: You are strong-willed. (Will+) [an orb of
                  | fire]
 70469 | Zot:5    | Gained mutation: You are frail. (-10% HP) [an orb of fire]
 70473 | Zot:5    | Gained mutation: Your body sometimes deteriorates upon
                  | taking damage. [an orb of fire]
 70482 | Zot:5    | Gained mutation: You occasionally lose the ability to drink
                  | potions when taking damage. [an orb of fire]
 70484 | Zot:5    | Gained mutation: You occasionally shout uncontrollably at
                  | your foes. [an orb of fire]
 70485 | Zot:5    | Gained mutation: Your magical capacity is very low. (-20%
                  | MP) [an orb of fire]
 70493 | Zot:5    | Slain by an Orb Guardian

Illustrated notes

Levels and vault maps discovered:
D:1:      dpeg_arrival_three_smaller_balls, layout_loops_ring,
          hellmonk_ecumenical_altar_run_dry
D:2:      layout_basic, serial_shops, nicolae_shop_rolling_square,
          nicolae_shop_temple_entry_statues_fountains,
          kennysheep_cluttered_room, minivault_27, minmay_misc_feat_square,
          serial_park_tiny_2
D:3:      layout_basic, nicolae_qazlal_style_of_elements,
          gammafunk_temple_overflow_statue, minivault_27, st_stairs_12
D:4:      minmay_angry_zag, layout_layer_cave, serial_shops, shop
D:5:      lemuel_ratsnest, layout_basic, lemuel_round_altar
D:6:      layout_basic, serial_shops, nicolae_shop_stone, shop, shop, shop,
          nicolae_shop_window_shopping
D:7:      layout_rooms, mainiacjoe_overflow_small_starburst,
          grunt_ashenzari_visionary [grunt_ashenzari_visionary_swamp,
          grunt_ashenzari_visionary_spider], minmay_temple_entry_glassed_door,
          serial_shops, shop
D:8:      cheibrodos_helix_gallery, layout_loops_corners, special_room
          [special_room_orc], mrwooster_statue_mirror, minmay_misc_feat_room,
          kb_lookout_dungeons_type
D:9:      layout_stronghold, nicolae_ru_awakened_eye, minivault_22,
          uniq_prince_ribbit1, uniq_maggie
D:10:     layout_loops_ring, lair_entry_dummy
D:11:     layout_rooms, tso_metal_star
D:12:     layout_irregular_city, orc_0_dummy
D:13:     layout_loops_corners
D:14:     layout_stronghold, david_vaults_4, serial_bayou_pond_d, uniq_nessos
D:15:     grunt_enter_depths_magical_seal, layout_stronghold, serial_shops,
          nicolae_shop_pleasant_corner_grove
Temple:   regret_index_temple_waves
Lair:1:   gammafunk_lair_enchanted_lake, layout_regular_city,
          kennysheep_snail_temple, lemuel_fruit_tree, uniq_grum
Lair:2:   layout_hall_layers, hellmonk_spider_entry_life_and_decay,
          lemuel_fruit_fields
Lair:3:   layout_hall_layers, skrybe_swamp_entry_bodies, st_stairs_3
Lair:4:   layout_hall_layers, slime_entry_1, roderic_batcave,
          grunt_megastairs_1, serial_bayou_shore_a, lemuel_fruit_fields
Lair:5:   due_jungle_book, layout_loops_ring, chequers_serial_rivers_large_a,
          small_statue_intersection
Swamp:1:  gammafunk_mikee_crab_dinner, layout_basic_swamp,
          evilmike_swamp_ruin_house_6
Swamp:2:  nicolae_swamp_ascending_descending_big, layout_basic_swamp,
          nicolae_swamp_round_clearing, st_swamp_ruins_2
Swamp:3:  layout_basic_swamp, nicolae_swamp_fairy_circle, hangedman_swamp_dais
Swamp:4:  swamp_old_school, layout_basic_swamp
Spider:1: layout_chambers, uniq_mlioglotl
Spider:2: layout_spider_delve
Spider:3: layout_spider_delve, portal_ice_cave_entry_pillars_1,
          nicolae_spider_nooks_and_crannies
Spider:4: spider_rune_water, special_room [special_room_bee]
Slime:1:  layout_caves
Slime:2:  layout_caves
Slime:3:  layout_caves
Slime:4:  layout_caves
Slime:5:  slime_pit_nicolae_block_by_block
Orc:1:    layout_caves, gammafunk_ghost_cemetery, basic_altar, uniq_gastronok
Orc:2:    st_orc_rangers, layout_caves
Elf:1:    elf_arrival_002, layout_loops_corners, minmay_elf_sorcery,
          minmay_shop_enchanted_jewellery
Elf:2:    nicolae_elf_blades_crystal_corner, layout_loops_corners,
          grunt_ministairs_13, uniq_roxanne
Elf:3:    grunt_elf_hall_branching, layout_onion_city, serial_shops,
          nicolae_shop_real_fake_doors, uniq_nikola, uniq_donald
Vaults:1: nicolae_vaults_diamond_1, nicolae_vaults_good_morning_starshine,
          nicolae_vaults_stepped_doors, hangedman_vaults_hat,
          nicolae_vaults_oval_intersection, v_misc_25,
          nicolae_vaults_apartment_1, nicolae_vaults_closet_pinwheel_5,
          nicolae_vaults_closet_pinwheel_4, hangedman_vaults_trim,
          ontoclasm_vaults_fault, nicolae_vaults_closet_pinwheel_5,
          serial_ice_g, layout_vaults_omnibox, nicolae_trove_entry_crystal,
          serial_shops, bzr_entry_gold
Vaults:2: hellmonk_ghost_big_iron, nicolae_vaults_tetromino_Z_1,
          minmay_crypt_entry_simple_round, vaults_room_fancy_cross,
          nicolae_vaults_house_3, v_misc_25, nicolae_vaults_mini_display_case,
          nicolae_vaults_offset_grid_hallway_1, nicolae_vaults_tetromino_T_1,
          ontoclasm_vaults_loading_screen, layout_vaults_ring
Vaults:3: nicolae_vaults_apartment_1, v_misc_12,
          nicolae_vaults_closet_pinwheel_4, vaults_mumra_hexcomb,
          nicolae_vaults_more_shelving_1, hangedman_vaults_corner,
          hangedman_vaults_locks, nicolae_vaults_cochlea, grunt_vaults_focal,
          layout_vaults_quadrants, uniq_asterion
Vaults:4: hangedman_vaults_restitches, v_rooms_6, grunt_vaults_funnel,
          nicolae_vaults_shelves_hall, nicolae_vaults_little_squares_2,
          vaults_room_ringed_pool, nicolae_vaults_storage_closets_1,
          nicolae_vaults_angled_halls, nicolae_vaults_asterisk,
          nicolae_vaults_hallways_thing, vaults_dpeg_hooks,
          nicolae_vaults_rhombus_6, vaults_room_door_ring,
          layout_vaults_omnicross
Vaults:5: uniq_bai_suzhen, uniq_saint_roka, uniq_mennas
Crypt:1:  layout_rooms, uniq_khufu, uniq_zenata
Crypt:2:  layout_misc_corridors, lemuel_upstairs_altar
Crypt:3:  grunt_crypt_end_deaths_head
Depths:1: layout_basic, abyss_entry, rand_demon_pan_entry_3, hell_entry,
          dk_noncrumbling_4, nicolae_shop_fire_sale [nicolae_sub_dead_trees],
          grunt_ministairs_6, hangedman_eye_storm
Depths:2: hangedman_box_tower, layout_basic, rand_demon_pan_entry_8,
          bh_walls_and_bars, hangedman_coc_ice_floe
Depths:3: kennysheep_ogre_elephant_herders, layout_gridlike,
          serial_bayou_pond_e, serial_glass, glass_columns_b, glass_columns_b,
          glass_columns_a, glass_columns_b, glass_columns_a, glass_columns_a,
          glass_columns_a, glass_columns_a, glass_columns_a, glass_columns_a,
          glass_columns_c, glass_columns_a, glass_columns_b, glass_columns_a,
          due_unseen_surprise, feat_on_display, feat_on_display,
          item_on_display_b, abyss_entry, grunt_hell_entry_dis_mu
Depths:4: hangedman_slaughterboxes, hell_entry, uniq_grunn
Zot:1:    layout_gridville
Zot:2:    layout_onion, gammafunk_ghost_tricky_traps, evilmike_ambush
          [evilmike_ambush_outer_corners, evilmike_ambush_inner_basic],
          grunt_megastairs_3
Zot:3:    layout_cellular_growth
Zot:4:    layout_misc_corridors, grunt_megastairs_5
Zot:5:    layout_gridlike, uniq_tiamat

Skill      XL: |  1  2  3  4  5  6  7  8  9 10 11 12 13 14 15 16 17 18 19 20 21 22 23 24 25 26 27 |
---------------+----------------------------------------------------------------------------------+-----
Shields        | 5 9 10 12 19 | 19.0
Polearms       | 4 5 6 8 10 12 13 14 16 17 18 19 20 21 22 23 24 | 24.0
Fighting       | 4 5 6 7 8 10 11 13 14 15 16 17 18 19 20 21 22 23 | 23.6
Invocations    | 1 5 7 9 10 12 13 14 15 16 17 18 19 20 21 22 23 | 23.7
Armour         | 4 7 8 10 11 12 13 14 15 16 17 18 20 | 20.0
Dodging        | 4 5 7 8 9 10 11 12 13 14 16 | 16.1
Throwing       | 7 10 12 14 16 | 16.0
Spellcasting   | 8 |  8.5
Translocations | 7 |  7.9
Necromancy     | 6 |  6.1
Earth Magic    | 6 |  6.6
Summonings     | 3 |  3.4
Hexes          | 3 |  3.7
Transmutations | 3 |  3.3

Action                     |  1- 3 |  4- 6 |  7- 9 | 10-12 | 13-15 | 16-18 | 19-21 | 22-24 | 25-27 || total
---------------------------+-------+-------+-------+-------+-------+-------+-------+-------+-------++-------
  Melee: Trident           |    78 |   179 |   466 |   261 |   958 |       |       |       |       ||  1942
         Hand axe          |       |       |     6 |   306 |       |       |       |       |       ||   312
         Short sword       |       |       |       |    14 |       |       |       |       |       ||    14
         Glaive            |       |       |       |       |   124 |   738 |  1014 |   317 |       ||  2193
         Bardiche          |       |       |       |       |       |       |       |   657 |  1818 ||  2475
  Throw: Dart              |       |       |     1 |    14 |       |       |       |     3 |     3 ||    21
         Boomerang         |       |       |       |     1 |       |       |       |       |    41 ||    42
         Javelin           |       |       |       |       |       |       |     1 |       |     6 ||     7
   Cast: Apportation       |       |       |       |       |       |       |       |       |     4 ||     4
         Passage of Golubr |       |       |       |       |       |       |       |       |     1 ||     1
 Invoke: Recall Undead Har |       |       |     1 |    11 |    25 |    21 |    29 |    24 |    45 ||   156
         Dark Bargain      |       |       |     1 |     3 |    21 |    27 |    33 |    20 |    64 ||   169
         Bind Soul         |       |       |       |     1 |     5 |     1 |       |     1 |     3 ||    11
         Drain Life        |       |       |       |       |     1 |     1 |       |     2 |     2 ||     6
Ability: Dig               |       |     3 |     1 |     3 |     1 |     4 |     3 |     7 |     4 ||    26
         Shaft Self        |       |       |       |       |     1 |       |       |       |       ||     1
  Evoke: Wand              |       |       |     1 |     2 |     7 |       |       |       |     1 ||    11
         Phantom mirror    |       |       |       |       |       |       |       |       |     3 ||     3
    Use: Scroll            |     2 |       |     5 |     4 |    11 |     7 |     2 |    11 |    23 ||    65
         Potion            |       |       |     1 |     1 |     1 |     3 |       |       |    53 ||    59
   Stab: Distracted        |       |       |     1 |     5 |    12 |    21 |    24 |    29 |    61 ||   153
         Petrified         |       |       |       |       |     8 |       |       |       |       ||     8
         Petrifying        |       |       |       |       |     2 |       |       |       |       ||     2
         Paralysed         |       |       |       |       |     2 |       |       |     1 |       ||     3
         Invisible         |       |       |       |       |       |     2 |       |       |     6 ||     8
         Fleeing           |       |       |       |       |       |     1 |    19 |       |     3 ||    23
         Sleeping          |       |       |       |       |       |     1 |     2 |       |       ||     3
 Armour: Scale mail        |    29 |   105 |   229 |   431 |   598 |   195 |       |       |       ||  1587
         Swamp dragon scal |       |       |       |       |       |   215 |   405 |       |       ||   620
         Plate armour      |       |       |       |       |       |       |    40 |   551 |  1110 ||  1701
  Dodge: Dodged            |    25 |    67 |   139 |   186 |   234 |   231 |   304 |   236 |   843 ||  2265
  Block: Buckler           |    10 |    19 |    66 |    60 |       |       |       |       |       ||   155
         Kite shield       |       |       |       |   106 |   425 |   348 |   477 |   339 |   617 ||  2312
         Tower shield      |       |       |       |       |       |       |       |       |   477 ||   477

Table legend: (Time is in decaauts)
 A = Elapsed time spent in this place.
 B = Non-inter-level travel time spent in this place.
 C = Inter-level travel time spent in this place.
 D = Time resting spent in this place.
 E = Time spent auto-exploring this place.
 F = Levels seen in this place.
 G = Mean time per level.
                   A        B        C        D        E       F      G
               +--------+--------+--------+--------+--------+-----+--------+
         Total |  68984 |  61594 |   7390 |  10744 |  32909 |  58 | 1189.4 |
       Dungeon |  20122 |  16694 |   3428 |   1879 |  11861 |  15 | 1341.5 |
        Temple |     54 |      2 |     52 |      0 |      0 |   1 |   54.0 |
          Lair |   6946 |   5982 |    964 |   1274 |   3275 |   5 | 1389.2 |
         Swamp |   5692 |   5470 |    222 |   2027 |   2609 |   4 | 1423.0 |
   Spider Nest |   5151 |   5033 |    118 |   1204 |   2732 |   4 | 1287.8 |
    Slime Pits |   3601 |   3318 |    283 |    345 |   2013 |   5 |  720.2 |
  Orcish Mines |   1597 |   1451 |    146 |     65 |    930 |   2 |  798.5 |
   Elven Halls |   3216 |   3001 |    215 |     34 |   1631 |   3 | 1072.0 |
        Vaults |   8299 |   7245 |   1054 |   1730 |   2319 |   5 | 1659.8 |
         Crypt |   2763 |   2595 |    168 |    742 |    830 |   3 |  921.0 |
        Depths |   5879 |   5211 |    668 |    633 |   2605 |   4 | 1469.8 |
           Zot |   4313 |   4244 |     69 |    809 |   1295 |   5 |  862.6 |
        Bazaar |    179 |    179 |      0 |      0 |      0 |   1 |  179.0 |
      Ice Cave |   1165 |   1165 |      0 |      0 |    808 |   1 | 1165.0 |
               +--------+--------+--------+--------+--------+-----+--------+

Top non-repeatable levels by time:
Vaults:4: 2364 daAuts
  Lair:1: 2307 daAuts
Depths:4: 1919 daAuts
 Swamp:3: 1914 daAuts
Vaults:3: 1810 daAuts
    D:13: 1810 daAuts
    D:14: 1761 daAuts
 Swamp:1: 1755 daAuts
Spider:2: 1755 daAuts
    D:15: 1732 daAuts
    D:12: 1691 daAuts
    D:10: 1636 daAuts
     D:4: 1590 daAuts
     D:5: 1570 daAuts
Depths:2: 1550 daAuts
